 Dungeon Crawl Stone Soup version 0.21-a0-632-g1e37ce5 (webtiles) character file.

51 Amnesiac the Charlatan (level 3, 0/28 HPs)
             Began as a Demigod Artificer on Dec 28, 2017.
             Succumbed to an adder's poison
             ... on level 2 of the Dungeon.
             The game lasted 00:01:55 (1575 turns).

Amnesiac the Charlatan (Demigod Artificer)          Turns: 1575, Time: 00:01:55

Health: 0/28       AC:  5    Str: 19    XL:     3   Next: 36%
Magic:  7/7        EV: 13    Int: 15    God:
Gold:   79         SH:  0    Dex: 16    Spells: 2/2 levels left

rFire    . . .     SeeInvis .   a - +0 short sword
rCold    . . .     Gourm    .   (no shield)
rNeg     . . .     Faith    .   q - +0 ring mail
rPois    +         Spirit   .   (no helmet)
rElec    .         Reflect  .   (no cloak)
rCorr    .         Harm     .   (no gloves)
MR       .....                  (no boots)
Stlth    +.........             (no amulet)
HPRegen  0.09/turn              p - +1 ring of evasion (curse)
MPRegen  0.10/turn              (no ring)

@: lethally poisoned (0 -> -2), berserk cooldown, flying, slowed, very slow
A: hooves 1, high mp 1, poison resistance, inhibited regeneration, strong 1
a: no special abilities


You were on level 2 of the Dungeon.
You were not hungry.

You visited 1 branch of the dungeon, and saw 2 of its levels.

You collected 79 gold pieces.

Inventory:

Hand Weapons
 a - a +0 short sword (weapon)
Missiles
 l - 43 stones (quivered)
Armour
 q - a +0 ring mail (worn)
 s - a +1 pair of boots
Jewellery
 p - a cursed +1 ring of evasion (left hand)
Wands
 c - a wand of flame (14)
 d - a wand of enslavement (15)
 e - a wand of random effects (14)
Scrolls
 g - 2 scrolls of immolation {!r, unknown}
 h - a scroll of blinking {!r, unknown}
 i - 2 scrolls of remove curse {!r, unknown}
 m - a scroll of random uselessness {!r, unknown}
 n - 4 scrolls of identify {!r, unknown}
 o - a scroll of amnesia {!r, unknown}
Potions
 k - a potion of berserk rage {!q}
Comestibles
 b - 2 chunks of flesh
 f - 5 rations


   Skills:
 - Level 1.0 Fighting
 - Level 2.0 Short Blades
 + Level 2.7 Dodging
 - Level 0.8 Stealth
 - Level 3.0 Evocations


You had 2 spell levels left.
You didn't know any spells.

Dungeon Overview and Level Annotations

Branches:
Dungeon (2/15)


Innate Abilities, Weirdness & Mutations

You have an increased reservoir of magic. (+10% MP)
You have large cloven feet.
Your system is resistant to poisons. (rPois)
You do not regenerate when monsters are visible.
Your muscles are strong. (Str +2)


Message History

The adder is severely wounded.
The adder barely misses you. x2
You closely miss the adder.
The adder is severely wounded.
The adder closely misses you.
You closely miss the adder.
The adder is severely wounded.
You feel sick. The adder closely misses you.
You hit the adder.
The adder is almost dead.
The adder bites you.
* * * LOW HITPOINT WARNING * * *
You are more poisoned.
The adder poisons you! The adder barely misses you.
You barely miss the adder.
The adder is almost dead.
The adder bites you.
* * * LOW HITPOINT WARNING * * *
You are lethally poisoned!
The adder poisons you!
You are too injured to fight recklessly!
Evoke which item? (* to show all) (? for menu, Esc to quit)
Aiming: Random Effects
Press: ? - help, Shift-Dir - straight line, f - adder
Aim: an adder (almost dead)
The adder looks slightly unstable.
* * * LOW HITPOINT WARNING * * *
You feel sick. The adder bites you but does no damage.
Really quaff
k - 2 pink potions {!q}?
It was a potion of berserk rage {!q}.
A red film seems to cover your vision as you go berserk!
You feel yourself moving faster!
You feel mighty!
You feel sick. The adder bites you but does no damage.
The adder barely misses you.
You puncture the adder!
You kill the adder!
You feel sick.
You feel a strong urge to attack something.
You feel sick.
You feel your anger nearly subside.
You are no longer berserk.
You are exhausted.
You feel yourself slow down.
Really quaff
j - a yellow potion {!q}?
It was a potion of flight {!q}.
You feel very buoyant.
You fly up into the air.
* * * LOW HITPOINT WARNING * * *
You feel sick.
Really quaff
r - a smoky cyan potion {!q}?
It was a potion of mutation {!q}.
You feel extremely strange.
Your regeneration stops near monsters.
You feel stronger.
You feel resistant to poisons.
Your feet thicken and deform.
* * * LOW HITPOINT WARNING * * *
You feel sick.
* * * LOW HITPOINT WARNING * * *
You feel sick.
* * * LOW HITPOINT WARNING * * *
You feel sick.
* * * LOW HITPOINT WARNING * * *
You feel sick.
Okay, then.
Okay, then.
Put on which piece of jewellery? (? for menu, Esc to quit)
Okay, then.
You die...

#.......#.##
#.......#..#
#.......##.#
#.......##.##
#.......##..#
#.......###.#
####.######.#########
#......)..........
#@######..........
#.# ##......... ..#
#......... ####
##........ #.#######
#.. ##. #### #...
#...


There were no monsters in sight!

Vanquished Creatures
  2 adders (D:2)
  An ooze (D:2)
  2 dart slugs (D:1)
  A leopard gecko (D:1)
  2 goblins (D:2)
  4 hobgoblins (D:1)
  A ball python (D:2)
  3 bats (D:1)
  A frilled lizard (D:2)
  3 kobolds
  5 rats
25 creatures vanquished.

Notes
Turn   | Place    | Note
-------+----------+-------------------------------------------
     0 | D:1      | Amnesiac the Demigod Artificer began the quest for the Orb.
     0 | D:1      | Reached XP level 1. HP: 15/15 MP: 5/5
   193 | D:1      | Reached skill level 3 in Evocations
   206 | D:1      | Reached skill level 1 in Short Blades
   426 | D:1      | Reached XP level 2. HP: 13/22 MP: 6/6
   898 | D:2      | Reached skill level 1 in Fighting
  1231 | D:2      | Reached XP level 3. HP: 24/28 MP: 7/7
  1567 | D:2      | Gained mutation: You do not regenerate when monsters are visible. [potion of mutation]
  1567 | D:2      | Gained mutation: Your muscles are strong. (Str +2) [potion of mutation]
  1567 | D:2      | Gained mutation: Your system is resistant to poisons. (rPois) [potion of mutation]
  1567 | D:2      | Gained mutation: You have large cloven feet. [potion of mutation]
  1573 | D:2      | HP: 1/28 [poisoned by an adder]
  1575 | D:2      | Succumbed to an adder's poison

Vault maps used:
D:1:      saegor_arrival_simple_c
D:2:      chequers_ecumenical_altar_simple, corexii_leaking_fountain

Skill      XL: |  1  2 |
---------------+-------+-----
Evocations     | 3 |  3.0
Short Blades   | 1 2 |  2.0
Fighting       | 1 |  1.0
Dodging        | 2 |  2.7
Stealth        | |  0.8

Action                   || total
-------------------------++-------
Melee: Short sword       ||   109
Evoke: Wand              ||     2
  Use: Potion            ||     3
 Stab: Sleeping          ||     2
  Eat: Chunk             ||     2
Armor: Leather armour    ||    20
       Ring mail         ||    13
Dodge: Dodged            ||    70

Table legend:
 A = Spawn XP
 B = Non-spawn XP
 C = Spawn XP percentage of total XP
 D = Spawn monster count
 E = Non-spawn monster count
 F = Spawn count percentage of total count
 G = Total turns spent on level
                    A         B        C        D         E        F      G
               +---------+---------+-------+---------+---------+-------+---------
         Total |       0 |      73 |   0.0 |       0 |      25 |   0.0 |  1575
               +---------+---------+-------+---------+---------+-------+---------
           D:1 |       0 |      28 |   0.0 |       0 |      14 |   0.0 |   993
           D:2 |       0 |      45 |   0.0 |       0 |      11 |   0.0 |   582
               +---------+---------+-------+---------+---------+-------+---------
